 Dungeon Crawl Stone Soup version 0.24.1-8-ga250c9d538 (webtiles) character file.

Game seed: 8261411305775220074, levelgen mode: deterministic

30 Peloso the Skirmisher (level 3, 29/29 HPs)
             Began as a Demonspawn Fighter on May 9, 2020.
             Got out of the dungeon alive.
             The game lasted 00:01:23 (499 turns).

Peloso the Skirmisher (Demonspawn Fighter)           Turns: 499, Time: 00:01:23

Health: 29/29      AC:  9    Str: 17    XL:     3   Next: 3%
Magic:  3/3        EV:  4    Int:  9    God:
Gold:   11         SH:  8    Dex: 12    Spells: 2/2 levels left

rFire    . . .     SeeInvis .   a - +0 long sword
rCold    . . .     Gourm    .   c - +0 shield
rNeg     . . .     Faith    .   e - +0 chain mail {rPois}
rPois    +         Spirit   .   (no helmet)
rElec    .         Reflect  .   (no cloak)
rCorr    .         Harm     .   (no gloves)
MR       .....                  (no boots)
Stlth    ..........             (no amulet)
HPRegen  0.09/turn              (no ring)
MPRegen  0.08/turn              (no ring)

@: no status effects
A: claws 1, hooves 1
a: no special abilities


You escaped.
You were not hungry.

You visited 1 branch of the dungeon, and saw 2 of its levels.

You collected 11 gold pieces.

Inventory:

Hand Weapons
 a - a +0 long sword (weapon)
Armour
 b - a +0 scale mail
 c - a +0 shield (worn)
 e - a +0 chain mail of poison resistance (worn)
Jewellery
 j - an uncursed ring of resist corrosion {unknown}
Scrolls
 h - a scroll of immolation {unknown}
 i - a scroll of enchant armour {unknown}
 l - a scroll of identify {unknown}
Potions
 d - a potion of might
 g - 2 potions of heal wounds {unknown}
 k - 2 potions of degeneration {unknown}
 m - a potion of curing {unknown}
Comestibles
 f - 2 rations


   Skills:
 + Level 3.3 Fighting
 + Level 2.3 Long Blades
 + Level 3.0 Armour
 + Level 2.9 Shields


You had 2 spell levels left.
You didn't know any spells.
Your spell library was empty.

Dungeon Overview and Level Annotations

Branches:
Dungeon (2/15)

Altars:


Innate Abilities, Weirdness & Mutations

You have sharp fingernails.
You have large cloven feet.


Message History

You have reached level 3!
Your experience leads to an increase in your attributes!
Increase (S)trength, (I)ntelligence, or (D)exterity?
You feel stronger.
Your demonic ancestry asserts itself...
Your feet thicken and deform.
The rat barely misses you.
You slash the rat!
You kill the rat!
(D) Dungeon
Where to? (Enter - D:12, ? - help)
What level of the Dungeon? (default 1, ? - help) HP restored.
There is a stone staircase leading up here.
You climb upwards.
There is a stone staircase leading down here.
You enter the shallow water.
Moving in this stuff is going to be slow.
There is a staircase leading out of the dungeon here.
Are you sure you want to leave the Dungeon?
This will make you lose the game!
You have escaped!

##.#####...)...####............#
#..............................#
#.......>......................#
#..........≈≈≈≈≈≈≈≈≈≈...........
##..........≈........≈.......####
............≈.....≈≈.≈.≈≈..#.#
.#..........≈.....≈.>≈..≈..#.####
.###..#.#...≈..≈≈.≈.≈≈..≈....#...
####.#..#...≈..≈@.≈.....≈...##...
............≈≈.≈.≈≈.....≈...##...
........#......≈........≈..###...
.............#.≈≈≈≈≈≈≈≈≈≈..# #...
......>.#....#.............###...
..........)...(............##....
........#....####..............##
..............# #....#...#..####
........###.#.###.#..#.###..###


There were no monsters in sight!

Vanquished Creatures
  An ooze (D:2)
  2 dart slugs (D:1)
  2 giant cockroaches (D:1)
  2 hobgoblins (D:1)
  2 jackals (D:2)
  2 bats (D:1)
  3 frilled lizards (D:1)
  2 goblins (D:1)
  3 kobolds (D:1)
  2 rats
21 creatures vanquished.

Notes
Turn   | Place    | Note
-------+----------+-------------------------------------------
     0 | D:1      | Peloso the Demonspawn Fighter began the quest for the Orb.
     0 | D:1      | Reached XP level 1. HP: 18/18 MP: 1/1
   137 | D:1      | Gained mutation: You have sharp fingernails. [demonic
                  | ancestry]
   137 | D:1      | Reached XP level 2. HP: 24/24 MP: 2/2
   462 | D:2      | Gained mutation: You have large cloven feet. [demonic
                  | ancestry]
   462 | D:2      | Reached XP level 3. HP: 27/29 MP: 3/3
   499 | D:$      | Got out of the dungeon alive.

Levels and vault maps discovered:
D:1:      ebering_trefoil_twist, layout_rooms
D:2:      minmay_diamond_boxcup, layout_loops_ring, old_standard_altar,
          lemuel_crystal_altar, minivault_25

Skill      XL: |  1  2 |
---------------+-------+-----
Long Blades    | 2 |  2.3
Armour         | 3 |  3.0
Fighting       | |  3.3
Shields        | |  2.9

Action                   || total
-------------------------++-------
Melee: Long sword        ||    58
Armor: Scale mail        ||     4
       Chain mail        ||    26
Dodge: Dodged            ||    16
Block: Shield            ||    30
       Rpst.: Long sword ||     2
